 Dungeon Crawl Stone Soup version 0.22.0-38-g04b72b8 (webtiles) character file.

186 Marcoleric the Poker (level 5, -3/33 HPs)
             Began as a Tengu Berserker on Aug 30, 2018.
             Was a Priest of Trog.
             Slain by a goblin
             ... wielding a +1 dagger of electrocution
              (8 damage)
             ... on level 2 of the Dungeon.
             The game lasted 00:07:44 (2342 turns).

Marcoleric the Poker (Tengu Berserker)              Turns: 2342, Time: 00:07:44

Health: -3/33      AC: 11    Str: 19    XL:     5   Next: 66%
Magic:  6/6        EV:  6    Int:  7    God:    Trog [***...]
Gold:   58         SH:  0    Dex: 13    Spells: 4/4 levels left

rFire    . . .     SeeInvis .   a - +1 spear
rCold    . . .     Gourm    .   (no shield)
rNeg     . . .     Faith    +   e - +0 plate armour
rPois    .         Spirit   .   (helmet restricted)
rElec    .         Reflect  .   (no cloak)
rCorr    +         Harm     .   (no gloves)
MR       .....                  (boots unavailable)
Stlth    ..........             f - amulet of faith
HPRegen  0.11/turn              g - ring of resist corrosion
MPRegen  0.10/turn              (no ring)

@: no status effects
A: beak, talons 3, able to fly 1
a: Fly, Berserk, Trog's Hand, Renounce Religion


You were on level 2 of the Dungeon.
You worshipped Trog.
Trog was most pleased with you.
You were not hungry.

You visited 1 branch of the dungeon, and saw 2 of its levels.

You collected 58 gold pieces.

Inventory:

Hand Weapons
 a - a +1 spear (weapon)
Missiles
 h - a throwing net (quivered)
Armour
 b - a +0 animal skin
 e - a +0 plate armour (worn)
Jewellery
 f - an amulet of faith (around neck)
 g - a ring of resist corrosion (left hand)
 k - a cursed amulet of inaccuracy {unknown}
Scrolls
 d - a scroll of random uselessness
 l - a scroll of remove curse
Potions
 i - a potion of agility {unknown}
 j - 2 potions of mutation {unknown}
 o - a potion of flight {unknown}
Comestibles
 c - 3 rations


   Skills:
 * Level 4.0 Fighting
 * Level 5.2 Polearms
 + Level 3.0 Armour
 + Level 2.9 Dodging
 + Level 0.2 Stealth


You had 4 spell levels left.
You didn't know any spells.
Your spell library was empty.

Dungeon Overview and Level Annotations

Branches:
Dungeon (2/15)

Altars:
Sif Muna
Vehumet
Xom


Innate Abilities, Weirdness & Mutations

You have a beak for a mouth.
You have claws for feet.
You can fly.


Message History

You butcher the goblin corpse.
m - a chunk of flesh You see here a goblin skeleton. x2
Eating a chunk of flesh.
You eat the chunk of flesh.
This raw flesh tastes terrible.
Done exploring.
Okay, then.
You eat one of the 4 rations.
That ration really hit the spot!
A goblin comes into view.
It is wielding a dagger of electrocution.
The goblin shouts!
The goblin hits you but does no damage.
You are electrocuted!
The goblin barely misses you. The goblin hits you but does no damage.
You are electrocuted!
* * * LOW HITPOINT WARNING * * *
You closely miss the goblin. Your kick misses the goblin.
The goblin hits you with a dagger of electrocution.
* * * LOW HITPOINT WARNING * * *
You miss the goblin. The goblin hits you but does no damage.
You are electrocuted!
You die...

......##.# ###...#####........##
##.#..##<# #...# ##..#..#.##
#....)..# #...# #..#......
###..#### #...######.......##
#..# #.......).#.#..####
#..#########...#####.#.#..# #
####..##....÷.............#..####
................g..............÷)
##.#.###........@........##.##.##
#....# ########...#####..##.##.##
##.#.# #...........#..##.##
##.#.# #....#>####.#.###.##
.....# ###....#.# #.#.###.##
...### #......#(# #.......#. #..#
#.#....#.# ###.####.# #..#
#.#.....(## #.###.## ...#
#.#.......# #.##.#..


You could see a goblin.

Vanquished Creatures
  2 orc priests (D:2)
  5 adders (D:2)
  2 oozes (D:1)
  4 dart slugs
  5 leopard geckos
  3 orcs (D:2)
  A giant cockroach (D:1)
  10 goblins
  7 hobgoblins
  3 jackals (D:1)
  2 frilled lizards (D:2)
  10 kobolds
  5 rats
59 creatures vanquished.

Notes
Turn   | Place    | Note
-------+----------+-------------------------------------------
     0 | D:1      | Marcoleric the Tengu Berserker began the quest for the Orb.
     0 | D:1      | Reached XP level 1. HP: 14/14 MP: 2/2
    70 | D:1      | Reached XP level 2. HP: 5/19 MP: 3/3
   896 | D:1      | Reached XP level 3. HP: 23/23 MP: 4/4
  1008 | D:1      | Reached skill level 4 in Polearms
  1283 | D:2      | Reached ** piety under Trog
  1428 | D:2      | Found a shimmering altar of Xom.
  1428 | D:2      | Found a radiant altar of Vehumet.
  1429 | D:2      | Found a deep blue altar of Sif Muna.
  1476 | D:2      | Reached XP level 4. HP: 17/29 MP: 5/5
  2018 | D:2      | Gained mutation: You can fly. [Tengu growth]
  2018 | D:2      | Reached XP level 5. HP: 29/33 MP: 6/6
  2026 | D:2      | Reached skill level 5 in Polearms
  2074 | D:2      | Reached *** piety under Trog
  2342 | D:2      | Slain by a goblin

Skill      XL: |  1  2  3  4  5 |
---------------+----------------+-----
Polearms       | 4 5 |  5.2
Armour         | 3 |  3.0
Fighting       | 4 |  4.0
Dodging        | |  2.9
Stealth        | |  0.2

Action                   |  1- 3 |  4- 6 || total
-------------------------+-------+-------++-------
Melee: Spear             |    91 |    80 ||   171
       Kick              |    23 |    16 ||    39
       Peck              |    14 |    12 ||    26
  Use: Scroll            |     3 |     2 ||     5
  Eat: Chunk             |     2 |     2 ||     4
       Ration            |       |     1 ||     1
Armor: Animal skin       |     7 |       ||     7
       Plate armour      |     9 |    49 ||    58
Dodge: Dodged            |    51 |    17 ||    68
